 Dungeon Crawl Stone Soup version 0.24.0-123-gd5b16e6ec5 (webtiles) character file.

Game seed: 12058004846489013710, levelgen mode: deterministic

426 Elellon the Cleaver (level 6, -4/52 HPs)
             Began as a Hill Orc Fighter on Jan 20, 2020.
             Slain by Blork the orc
             ... wielding a +0 hand axe
              (6 damage)
             ... on level 5 of the Dungeon.
             The game lasted 00:05:14 (3301 turns).

Elellon the Cleaver (Hill Orc Fighter)              Turns: 3301, Time: 00:05:15

Health: -4/52      AC:  9    Str: 21    XL:     6   Next: 97%
Magic:  6/6        EV:  7    Int:  8    God:
Gold:   214        SH: 10    Dex: 10    Spells: 5/5 levels left

rFire    + . .     SeeInvis .   a - +0 war axe
rCold    . . .     Gourm    .   c - +1 shield
rNeg     . . .     Faith    .   b - +0 scale mail
rPois    .         Spirit   .   j - +0 helmet
rElec    .         Reflect  .   o - +0 cloak
rCorr    .         Harm     .   (no gloves)
MR       .....                  (no boots)
Stlth    ..........             (no amulet)
HPRegen  0.17/turn              w - ring of protection from fire
MPRegen  0.10/turn              (no ring)

@: no status effects
A: no striking features
a: no special abilities


You were on level 5 of the Dungeon.
You were not hungry.

You visited 1 branch of the dungeon, and saw 5 of its levels.

You collected 214 gold pieces.

Inventory:

Hand Weapons
 a - a +0 war axe (weapon)
Armour
 b - a +0 scale mail (worn)
 c - a +1 shield (worn)
 j - a +0 helmet (worn)
 o - a +0 cloak (worn)
 r - the cursed +0 leather armour "Xediq" {rElec, unknown}
   (You found it on level 4 of the Dungeon)

   It insulates you from electricity.
   It has a curse placed upon it.
Jewellery
 w - a ring of protection from fire (left hand)
Scrolls
 n - a scroll of teleportation
 q - 2 scrolls of identify
 s - a scroll of random uselessness {unknown}
 t - a scroll of amnesia
 v - a scroll of remove curse
Potions
 d - 3 potions of might
 e - a potion of mutation {unknown}
 g - a potion of heal wounds {unknown}
 h - 4 potions of flight
 i - a potion of curing {unknown}
 k - a potion of invisibility {unknown}
 m - 2 potions of degeneration {unknown}
 p - a potion of ambrosia {unknown}
 u - a potion of agility {unknown}
Comestibles
 f - 11 rations


   Skills:
 + Level 3.7 Fighting
 * Level 9.3 Axes
 + Level 3.4 Armour
 + Level 3.4 Shields


You had 5 spell levels left.
You didn't know any spells.
Your spell library was empty.

Dungeon Overview and Level Annotations

Branches:
Dungeon (5/15)
 Temple: D:4-7

Altars:
Cheibriados
Qazlal
Vehumet

Annotations:
D:5 Blork the orc


Message History

You hear some strange, mumbled words.
A magic dart appears from out of thin air!
The magic dart hits you.
You barely miss something. You block something's attack.
You completely miss something. Something hits you but does no damage.
Something hits you.
* * * LOW HITPOINT WARNING * * *
You closely miss something. You block something's attack.
You hear some strange, mumbled words.
A puff of frost appears from out of thin air!
The puff of frost hits you.
* * * LOW HITPOINT WARNING * * *
You miss something. Something hits you.
* * * LOW HITPOINT WARNING * * *
You hit something. You block something's attack. Something hits you.
* * * LOW HITPOINT WARNING * * *
You closely miss something. Something hits you.
* * * LOW HITPOINT WARNING * * *
You closely miss something. Something hits you.
You die...

#.#..#(#
.###.#.s#.##########
........#.#.........
.##.....#.#.########
.....##.#.s.........
###..#....#.########
#..####.#........ ..
#.#.######. ##
#.#....{@#
#.#.#.##.#
#........#
##########


There were no monsters in sight!

Vanquished Creatures
  An ogre (D:4)
  2 scorpions
  A howler monkey (D:4)
  Ijyb (D:3)
  A worker ant (D:4)
  3 gnolls (D:3)
  4 adders
  An ooze (D:1)
  3 worms (D:3)
  A dart slug (D:1)
  4 leopard geckos
  12 orcs
  2 bats
  2 giant cockroaches
  5 goblins
  5 hobgoblins
  2 jackals (D:4)
  A quokka (D:4)
  2 ball pythons
  6 frilled lizards
  9 kobolds
  A quokka skeleton (D:4)
  4 rats
73 creatures vanquished.

Notes
Turn   | Place    | Note
-------+----------+-------------------------------------------
     0 | D:1      | Elellon the Hill Orc Fighter began the quest for the Orb.
     0 | D:1      | Reached XP level 1. HP: 19/19 MP: 1/1
    24 | D:1      | Reached skill level 3 in Axes
    43 | D:1      | Reached XP level 2. HP: 25/26 MP: 2/2
   181 | D:1      | Reached skill level 4 in Axes
   429 | D:1      | Reached XP level 3. HP: 31/31 MP: 3/3
  1085 | D:2      | Found a snail-covered altar of Cheibriados.
  1180 | D:2      | Found a radiant altar of Vehumet.
  1198 | D:2      | Reached skill level 5 in Axes
  1364 | D:2      | You fall into a shaft and drop 2 floors!
  1424 | D:3      | Reached XP level 4. HP: 28/39 MP: 4/4
  1430 | D:3      | Reached skill level 6 in Axes
  1912 | D:3      | Noticed Ijyb
  1928 | D:3      | Killed Ijyb
  1928 | D:3      | Reached XP level 5. HP: 43/45 MP: 5/5
  1968 | D:3      | Reached skill level 7 in Axes
  2553 | D:4      | Found a stormy altar of Qazlal.
  2554 | D:4      | Noticed a fire elemental
  2570 | D:4      | Noticed an air elemental
  2573 | D:4      | Noticed a water elemental
  2594 | D:4      | Got a steaming leather armour
  2801 | D:4      | Reached skill level 8 in Axes
  2801 | D:4      | Reached XP level 6. HP: 41/51 MP: 6/6
  3089 | D:4      | Reached skill level 9 in Axes
  3219 | D:5      | Entered Level 5 of the Dungeon
  3247 | D:5      | Noticed Blork the orc
  3300 | D:5      | HP: 2/52 [something (2)]
  3301 | D:5      | Slain by Blork the orc

Levels and vault maps discovered:
D:1:      sevenhm_arrival_forest_fort_small_3, layout_basic,
          chequers_serial_rivers_micro_a
D:2:      layout_loops_corners, vehumet_crystals, lemuel_round_altar,
          first_ration, minmay_split_cup_large
D:3:      layout_loops_ring, st_stairs_1, uniq_ijyb
D:4:      layout_cave_pools, nicolae_qazlal_style_of_elements, minmay_liquid_box
D:5:      layout_basic, grunt_dithmenos_shadows, uniq_blork_the_orc

Skill      XL: |  1  2  3  4  5  6 |
---------------+-------------------+-----
Axes           | 3 4 5 6 8 9 |  9.3
Fighting       | |  3.7
Armour         | |  3.4
Shields        | |  3.4

Action                   |  1- 3 |  4- 6 || total
-------------------------+-------+-------++-------
Melee: War axe           |    99 |   159 ||   258
  Use: Scroll            |       |     7 ||     7
  Eat: Chunk             |     2 |     6 ||     8
Armor: Scale mail        |    55 |    51 ||   106
Dodge: Dodged            |    30 |    31 ||    61
Block: Shield            |    40 |    73 ||   113
